 Dungeon Crawl Stone Soup version 0.31-a0-544-gceb718ecc6 (webtiles) character file.

Game seed: 1760068452064305272

80 lunkers the Insei (level 4, -2/35 HPs)
             Began as a Meteoran Shapeshifter on Aug 15, 2023.
             Was an Initiate of Okawaru.
             Slain by a gnoll
             ... wielding a +0 flail
             ... led by a gnoll bouda
              (8 damage)
             ... on level 5 of the Dungeon.
             The game lasted 00:02:57 (1104 turns).

lunkers the Insei (Meteoran Shapeshifter)           Turns: 1104, Time: 00:02:58

Health: -2/35      AC:  5    Str: 16    XL:     4   Next: 98%
Magic:  5/5        EV: 11    Int: 10    God:    Okawaru [......]
Gold:   96         SH:  0    Dex: 16    Spells: 3/3 levels left

rFire   . .          .
                       - Unarmed
rCold   . . .        (no shield)
rNeg    . . .        f - +0 ring mail
rPois   .            (helmet currently unavailable)
rElec   .            (cloak currently unavailable)
rCorr   .            (gloves currently unavailable)
SInv    .            (boots currently unavailable)
Will    .....        (no amulet)
Stlth   +            (no ring)
HPRegen 0.25/turn    (no ring)
MPRegen 0.09/turn

%: no passive effects
@: lethally poisoned (-2 -> -6), beast-form, glowing
A: beast (slay +2), sense surroundings 1, otherworldly, glowing, explore regen
a: Begin Untransformation, Renounce Religion


You were on level 5 of the Dungeon.
You worshipped Okawaru.
Okawaru was noncommittal.
You were a hulking beast.
You visited 1 branch of the dungeon, and saw 4 of its levels.

You collected 96 gold pieces.

Inventory:

Missiles
 e - a throwing net
Armour
 f - a +0 ring mail (worn)
 k - a +0 helmet
Talismans
 c - a beast talisman (active)
 d - a flux talisman
Scrolls
 a - a scroll of blinking {unknown}
 g - a scroll of identify {unknown}
 h - 3 scrolls of teleportation {unknown}
 i - a scroll of enchant weapon {unknown}
 j - a scroll of enchant armour {unknown}
 l - a scroll of fog {unknown}
Potions
 b - 3 potions of lignification
 m - a potion of magic {unknown}
 n - a potion of degeneration {unknown}


   Skills:
 - Level 1.1 Fighting
 - Level 2.1 Dodging
 * Level 5.4 Unarmed Combat
 + Level 0.4 Invocations
 + Level 4.3 Shapeshifting


You had 3 spell levels left.
You didn't know any spells.
Your spell library contained the following spells:

 Spells                   Type           Power      Damage    Failure   Level
 Manifold Assault         Tloc           0%         N/A       100%        4
 Dispersal                Tloc           0%         N/A       100%        6
 Disjunction              Tloc           0%         N/A       100%        8


Dungeon Overview and Level Annotations

Branches:
Dungeon (5/15) Zot: 1305
 Temple: D:4-7

Altars:
Okawaru

Shops:
D:3 :!


Innate Abilities, Weirdness & Mutations

You are a hulking beast.
Your limbs bulge with bestial killing power. (Slay +2)
You passively map a small area around you.
You are easily found by Zot.
You glow in the dark.
You regain HP and MP as you explore.


Message History

The gnoll shouts! x2; You hear a shout!
A gnoll comes into view. It is wielding a +0 flail.
The gnoll shouts!
A gnoll bouda comes into view. It is wielding a +0 club.
The gnoll bouda shouts!
The dart slug launches a dart at you.
The slug dart hits you but does no damage.
You punch the dart slug!
The dart slug is almost dead.
The gnoll misses you.
The gnoll bouda barks out a call to the hunt!
The gnolls pick up the pace!
The dart slug launches a dart at you. The slug dart hits you.
You hit the dart slug.
The dart slug is almost dead.
The gnoll closely misses you.
You punch the dart slug!
You kill the dart slug!
Okawaru accepts your kill.
An iguana comes into view.
The gnoll hits you from afar with a +0 spear of venom.
You are poisoned.
You hit the gnoll but do no damage. You punch the gnoll.
The gnoll is moderately wounded.
You feel sick. The gnoll misses you. The gnoll hits you with a +0 flail.
* * * LOW HITPOINT WARNING * * *
The gnoll barely misses you.
The gnoll bouda calls upon its god to heal the gnoll.
The gnoll's wounds heal themselves!
You are too injured to fight recklessly!
You are too injured to fight recklessly!
The gnoll attacks as you move away! The gnoll hits you with a +0 flail!
* * * LOW HITPOINT WARNING * * *
You feel sick. The gnoll hits you with a +0 whip.
* * * LOW HITPOINT WARNING * * *
You feel sick. The gnoll hits you with a +0 whip.
* * * LOW HITPOINT WARNING * * *
The gnoll hits you with a +0 flail!
You die...

, ..... *
.....# , ,
......# *, , *
.......## * ,,
, * ...l....##
* ,, ....g...#
* #...g##### ,
, #..ggh...#
,* ########.#
* , , #.# ∩#
**
#####.###.####
, ,, ,
...#...#....#
, **
##.##...># , *
* ,,
#......### ,,
#.......#** *
,, , ,
#.......##


You could see a gnoll bouda, an iguana and 3 gnolls.

Vanquished Creatures
  2 adders
  3 dart slugs
  4 ball pythons
  6 endoplasms
  5 giant cockroaches
  5 goblins (D:1)
  5 hobgoblins
  6 jackals (D:2)
  2 quokkas
  4 bats
  2 frilled lizards (D:1)
  2 kobolds
  4 rats
50 creatures vanquished.

Notes
Turn   | Place    | Note
-------+----------+-------------------------------------------
     0 | D:1      | lunkers the Meteoran Shapeshifter began the quest for the
                  | Orb.
     0 | D:1      | Reached XP level 1. HP: 16/16 MP: 2/2
    47 | D:1      | Reached XP level 2. HP: 23/23 MP: 3/3
    80 | D:1      | Reached skill level 4 in Unarmed Combat
   142 | D:1      | Reached XP level 3. HP: 27/28 MP: 4/4
   503 | D:1      | Glimpsed the power of Zot.
   613 | D:2      | Reached XP level 4. HP: 33/35 MP: 5/5
   616 | D:2      | Reached skill level 5 in Unarmed Combat
   895 | D:3      | Found Ipsyus's Distillery.
   930 | D:3      | Found an iron altar of Okawaru.
   971 | D:3      | Became a worshipper of Warmaster Okawaru
   995 | D:3      | Found Quasiul's Book Shoppe.
  1027 | D:3      | You fall into a shaft and drop 2 floors!
  1027 | D:5      | Entered Level 5 of the Dungeon
  1104 | D:5      | Slain by a gnoll

Illustrated notes

Levels and vault maps discovered:
D:1:      pf_arrival_petrified_forest, layout_basic
D:2:      layout_basic
D:3:      minmay_wonky_spiral, layout_loops_corners, grunt_dithmenos_smoke,
          mainiacjoe_overflow_concentric_impassable, serial_shops, shop,
          shop_statue, nicolae_shop_crystal, nicolae_shop_behind_doors, shop
D:5:      layout_basic, yredelemnul_forgotten_temple_becter,
          mainiacjoe_overflow_alcove_2, serial_shops, shop, uniq_grinder

Skill      XL: |  1  2  3  4 |
---------------+-------------+-----
Unarmed Combat | 4 5 |  5.4
Shapeshifting  | 4 |  4.3
Fighting       | |  1.1
Dodging        | |  2.1
Invocations    | |  0.4

Action                     |  1- 3 |  4- 6 || total
---------------------------+-------+-------++-------
  Melee: Unarmed           |    62 |    47 ||   109
         Punch             |       |     2 ||     2
 Armour: Animal skin       |     1 |       ||     1
         Ring mail         |    22 |    16 ||    38
  Dodge: Dodged            |    33 |    26 ||    59

Table legend: (Time is in decaauts)
 A = Elapsed time spent in this place.
 B = Non-inter-level travel time spent in this place.
 C = Inter-level travel time spent in this place.
 D = Time resting spent in this place.
 E = Time spent auto-exploring this place.
 F = Levels seen in this place.
 G = Mean time per level.
                   A        B        C        D        E       F      G
               +--------+--------+--------+--------+--------+-----+--------+
         Total |   1093 |   1041 |     52 |      0 |    714 |   4 |  273.2 |
       Dungeon |   1093 |   1041 |     52 |      0 |    714 |   4 |  273.2 |
               +--------+--------+--------+--------+--------+-----+--------+

Top non-repeatable levels by time:
     D:1: 518 daAuts
     D:2: 307 daAuts
     D:3: 191 daAuts
     D:5: 76 daAuts
